 Dungeon Crawl Stone Soup version 0.28.0-53-g5a82cb258f (webtiles) character file.

Game seed: 14867770015153727297

173 greena the Skirmisher (level 5, -5/47 HPs)
             Began as a Minotaur Fighter on June 5, 2022.
             Slain by a gnoll
             ... wielding a +0 halberd
              (10 damage)
             ... on level 3 of the Dungeon.
             The game lasted 00:08:26 (1954 turns).

greena the Skirmisher (Minotaur Fighter)            Turns: 1954, Time: 00:08:27

Health: -5/47      AC:  9    Str: 22    XL:     5   Next: 28%
Magic:  4/4        EV:  9    Int:  5    God:
Gold:   51         SH:  4    Dex: 10    Spells: 4/4 levels left

rFire   . . .      SeeInvis .   a - +0 trident
rCold   . . .      Faith    .   c - +0 buckler
rNeg    . . .      Spirit   .   b - +0 scale mail
rPois   .          Reflect  .   (helmet restricted)
rElec   .          Harm     .   q - +0 cloak
rCorr   .          Rampage  .   (no gloves)
Will    .....                   k - +0 pair of boots
Stlth   ..........              (no amulet)
HPRegen 0.15/turn               (no ring)
MPRegen 0.09/turn               (no ring)

@: mighty
A: horns 2, retaliatory headbutt
a: no special abilities


You were on level 3 of the Dungeon.
You visited 1 branch of the dungeon, and saw 3 of its levels.

You collected 51 gold pieces.

Inventory:

Hand Weapons
 a - a +0 trident (weapon)
 s - a +2 quarterstaff of chaos
Missiles
 e - 21 arrows
 i - 23 bolts
Armour
 b - a +0 scale mail (worn)
 c - a +0 buckler (worn)
 k - a +0 pair of boots (worn)
 q - a +0 cloak (worn)
Wands
 o - a wand of paralysis (10)
Scrolls
 h - a scroll of identify {unknown}
 l - a scroll of fear {unknown}
 n - a scroll of amnesia {unknown}
 p - 2 scrolls of teleportation {unknown}
 r - a scroll of immolation {unknown}
Potions
 f - a potion of curing {unknown}
 g - a potion of heal wounds {unknown}
 j - a potion of haste {unknown}
 m - a potion of mutation {unknown}
 t - 3 potions of ambrosia {unknown}


   Skills:
 + Level 4.9 Fighting
 + Level 4.2 Polearms
 + Level 4.9 Armour
 + Level 0.2 Dodging
 + Level 0.1 Stealth
 + Level 4.1 Shields


You had 4 spell levels left.
You didn't know any spells.
Your spell library was empty.

Dungeon Overview and Level Annotations

Branches:
Dungeon (3/15)

Altars:


Innate Abilities, Weirdness & Mutations

You have a pair of horns on your head.
You reflexively headbutt those who attack you in melee.


Message History

The gnoll is severely wounded.
The gnoll hits you but does no damage.
You hit the gnoll.
You kill the gnoll!
The gnoll hits you but does no damage. The gnoll hits you with a +0 flail.
The gnoll barely misses you.
You barely miss the gnoll. The gnoll hits you with a +0 flail.
The gnoll barely misses you.
You puncture the gnoll!
The gnoll is heavily wounded.
The gnoll hits you from afar with a +0 halberd!
The gnoll hits you with a +0 flail.
You hit the gnoll.
The gnoll is almost dead.
The gnoll hits you from afar with a +0 halberd.
The gnoll hits you with a +0 flail.
You closely miss the gnoll.
You headbutt the gnoll, but do no damage.
The gnoll is almost dead.
You block the gnoll's attack. The gnoll completely misses you.
You barely miss the gnoll.
The gnoll is almost dead.
The gnoll barely misses you. The gnoll hits you with a +0 flail.
The gnoll closely misses you.
The gnoll hits you from afar with a +0 halberd.
You closely miss the gnoll. Your headbutt misses the gnoll.
The gnoll is almost dead.
You block the gnoll's attack.
The gnoll hits you from afar with a +0 halberd.
* * * LOW HITPOINT WARNING * * *
You puncture the gnoll!
You kill the gnoll!
The gnoll hits you from afar with a +0 halberd!
* * * LOW HITPOINT WARNING * * *
The jackal barks!
The jackal barks!
You feel very mighty all of a sudden.
The jackal barks!
The gnoll hits you from afar with a +0 halberd!
You die...

....#..... ..hh#......
....#.......
...........
#######..........
.......h.......#
...............#
.......@h......#
...............# #
.......g.......# .#.#
##.........######.#.#
#.........#####...>#
....................#
....###.......#....#..
....###.......<....#
.............#.)..##


You could see a gnoll and 4 jackals.

Vanquished Creatures
  Crazy Yiuf (D:2)
  Natasha (thrice) (D:2)
  2 gnolls (D:3)
  2 worms (D:2)
  3 endoplasms
  2 giant cockroaches
  7 goblins
  8 hobgoblins
  3 jackals (D:1)
  A quokka (D:2)
  3 ball pythons
  2 bats (D:1)
  2 frilled lizards
  3 kobolds
  2 rats
44 creatures vanquished.

Vanquished Creatures (others)
  5 fungi (D:2)
5 creatures vanquished.

Grand Total: 49 creatures vanquished

Notes
Turn   | Place    | Note
-------+----------+-------------------------------------------
     0 | D:1      | greena the Minotaur Fighter began the quest for the Orb.
     0 | D:1      | Reached XP level 1. HP: 19/19 MP: 0/0
   124 | D:1      | Reached XP level 2. HP: 27/27 MP: 1/1
   892 | D:2      | Reached XP level 3. HP: 33/33 MP: 2/2
  1301 | D:2      | Found a faded altar of an unknown god.
  1391 | D:2      | Found a runed translucent door.
  1392 | D:2      | Noticed Crazy Yiuf
  1400 | D:2      | Killed Crazy Yiuf
  1401 | D:2      | Reached XP level 4. HP: 41/41 MP: 3/3
  1566 | D:3      | Noticed Natasha
  1576 | D:2      | Killed Natasha
  1587 | D:2      | Noticed Natasha
  1595 | D:2      | Killed Natasha
  1885 | D:2      | Noticed Natasha
  1894 | D:2      | Killed Natasha
  1895 | D:2      | Reached XP level 5. HP: 47/47 MP: 4/4
  1954 | D:3      | Slain by a gnoll

Illustrated notes

Levels and vault maps discovered:
D:1:      nicolae_arrival_memento_mori, layout_basic, serial_bayou_pond_d,
          chequers_serial_rivers_small_a
D:2:      layout_loops_cross, shapermc_ecumenical_altar_totnotflames,
          uniq_crazy_yiuf_cottage
D:3:      layout_basic, grunt_temple_overflow_open, uniq_natasha, uniq_jessica

Skill      XL: |  1  2  3  4 |
---------------+-------------+-----
Shields        | 4 |  4.1
Armour         | 4 |  4.9
Fighting       | 4 |  4.9
Polearms       | 3 4 |  4.2
Dodging        | |  0.2
Stealth        | |  0.1

Action                   |  1- 3 |  4- 6 || total
-------------------------+-------+-------++-------
Melee: Trident           |    90 |    38 ||   128
       Headbutt          |    11 |     4 ||    15
Evoke: Wand              |     1 |       ||     1
  Use: Potion            |       |     1 ||     1
 Stab: Paralysed         |     4 |       ||     4
Armor: Scale mail        |    21 |    12 ||    33
Dodge: Dodged            |    12 |    12 ||    24
Block: Buckler           |     3 |     5 ||     8
